General information
- name: BNet
- type: Ladder team game (AT/RT)
- host: Battle.net
- saver: Mata.Esq
map: Highperch
- players: 6
- length: 80:29
- speed: Fast
- version: 1.21 W3XP
- replay type: Public
» download(313 KB)
Players
team 1 (winner)
dogsandhorse.ru (
red | 58 APM | 2603 actions | 44:42)
9 Blademaster
3 Wind Walk
3 Critical Strike
1 Bladestorm
2 Mirror Image
» actions
| Assign group hotkey | 19 | |
| Basic commands | 11 | |
| Build / train | 66 | |
| Enter build submenu | 51 | |
| Enter hero's abilities submenu | 9 | |
| Give item / drop item | 6 | |
| Remove unit from queue | 1 | |
| Right click | 1566 | |
| Select / deselect | 298 | |
| Select group hotkey | 430 | |
| Use ability | 146 | |
2603 total
» units
» upgrades
» buildings
| War Mill | 2 | |
| Altar of Storms | 1 | |
| Orc Burrow | 3 | |
| Watch Tower | 37 | |
| Voodoo Lounge | 2 | |
| Great Hall | 1 | |
| Stronghold | 1 | |
| Fortress | 1 | |
| Beastiary | 3 | |
51 total
» build order
00:08 War Mill
00:11 Altar of Storms
00:18 Orc Burrow
01:46 Watch Tower
01:48 Watch Tower
01:58 Watch Tower
02:27 Watch Tower
02:41 Watch Tower
02:48 Watch Tower
03:32 Watch Tower
03:54 Voodoo Lounge
03:57 Watch Tower
04:00 Watch Tower
04:26 Watch Tower
04:31 Watch Tower
05:10 Watch Tower
05:12 Watch Tower
05:55 Watch Tower
06:16 Watch Tower
06:17 Watch Tower
06:39 Great Hall
07:24 Watch Tower
07:26 Watch Tower
07:33 Watch Tower
07:48 Stronghold
07:52 Watch Tower
07:53 Watch Tower
07:54 Watch Tower
08:45 Watch Tower
08:56 Watch Tower
09:02 Watch Tower
09:56 Watch Tower
10:22 Watch Tower
10:24 Watch Tower
10:25 Watch Tower
10:27 Watch Tower
10:29 Watch Tower
11:09 Fortress
11:10 Watch Tower
11:56 Watch Tower
11:57 Watch Tower
11:58 Watch Tower
12:59 Voodoo Lounge
14:49 Beastiary
15:06 Beastiary
16:29 Watch Tower
16:30 Watch Tower
16:58 Orc Burrow
26:04 Beastiary
26:10 Orc Burrow
26:20 War Mill
» items
| Healing Salve | 6 | |
| Lesser Clarity Potion | 11 | |
| Boots of Speed | 1 | |
| Staff of Teleportation | 1 | |
| Orb of Lightning | 1 | |
| Scroll of Town Portal | 1 | |
21 total
Mata.Esq (
teal | 51 APM | 4133 actions | 80:29)
8 Blood Mage
3 Flame Strike
3 Siphon Mana
1 Summon Phoenix
1 Banish
1 Warden
1 Spirit of Vengeance
» actions
| Assign group hotkey | 458 | |
| Basic commands | 43 | |
| Build / train | 200 | |
| Enter build submenu | 96 | |
| Enter hero's abilities submenu | 9 | |
| Give item / drop item | 5 | |
| Remove unit from queue | 13 | |
| Right click | 1813 | |
| Select / deselect | 910 | |
| Select group hotkey | 146 | |
| Use ability | 440 | |
4133 total
» units
| Peasant | 27 | |
| Siege Engine | 12 | |
| Dragonhawk Rider | 14 | |
| Priest | 2 | |
| Sorceress | 2 | |
57 total
» upgrades
| Masonry | 3 | |
| Lumber Harvesting | 2 | |
| Swords | 3 | |
| Plating | 3 | |
| Gunpowder | 3 | |
| Armor | 3 | |
| Barrage | 1 | |
| Magic Sentry | 1 | |
| Priest Training | 2 | |
| Sorceress Training | 2 | |
| Cloud | 1 | |
| Storm Hammers | 1 | |
| Animal War Training | 1 | |
| Fragmentation Shards | 0 | |
| Flak Cannons | 0 | |
| Flying Machine Bombs | 0 | |
26 total
» buildings
| Altar of Kings | 1 | |
| Farm | 12 | |
| Lumber Mill | 2 | |
| Scout Tower | 50 | |
| Arcane Tower | 2 | |
| Guard Tower | 73 | |
| Town Hall | 1 | |
| Keep | 2 | |
| Castle | 4 | |
| Blacksmith | 1 | |
| Gryphon Aviary | 2 | |
| Workshop | 1 | |
| Arcane Sanctum | 1 | |
| Arcane Vault | 1 | |
| Barracks | 1 | |
| Watch Tower | 22 | |
176 total
» build order
00:06 Altar of Kings
00:18 Farm
00:33 Lumber Mill
01:25 Scout Tower
01:29 Scout Tower
01:47 Farm
02:00 Scout Tower
02:05 Arcane Tower
02:07 Scout Tower
02:19 Guard Tower
02:23 Scout Tower
02:34 Arcane Tower
02:45 Guard Tower
02:45 Guard Tower
02:46 Scout Tower
02:47 Scout Tower
02:52 Scout Tower
02:53 Scout Tower
03:19 Guard Tower
03:20 Scout Tower
03:22 Guard Tower
03:24 Scout Tower
03:41 Guard Tower
03:42 Guard Tower
03:43 Guard Tower
03:44 Guard Tower
03:52 Guard Tower
03:54 Scout Tower
04:36 Guard Tower
04:36 Guard Tower
04:37 Scout Tower
04:38 Scout Tower
04:43 Town Hall
04:56 Guard Tower
04:56 Guard Tower
05:21 Guard Tower
05:21 Guard Tower
05:23 Scout Tower
05:39 Scout Tower
06:00 Guard Tower
06:00 Guard Tower
06:22 Scout Tower
06:23 Scout Tower
06:29 Guard Tower
06:53 Guard Tower
06:53 Guard Tower
06:54 Scout Tower
06:56 Guard Tower
06:57 Guard Tower
06:57 Guard Tower
07:29 Guard Tower
07:30 Guard Tower
07:35 Keep
07:41 Guard Tower
07:41 Guard Tower
07:44 Scout Tower
07:44 Scout Tower
07:45 Scout Tower
08:55 Scout Tower
08:56 Scout Tower
08:57 Scout Tower
08:57 Scout Tower
08:58 Scout Tower
08:58 Scout Tower
08:59 Scout Tower
08:59 Scout Tower
09:00 Scout Tower
09:01 Scout Tower
09:34 Guard Tower
09:35 Guard Tower
09:37 Guard Tower
09:53 Scout Tower
09:54 Scout Tower
09:55 Scout Tower
09:56 Scout Tower
09:57 Scout Tower
09:58 Scout Tower
10:01 Scout Tower
10:06 Castle
10:07 Castle
10:14 Guard Tower
10:14 Guard Tower
10:22 Guard Tower
11:11 Blacksmith
11:30 Guard Tower
11:52 Farm
11:53 Farm
12:07 Guard Tower
12:34 Guard Tower
12:58 Guard Tower
12:59 Guard Tower
13:07 Gryphon Aviary
13:10 Workshop
13:27 Arcane Sanctum
13:59 Guard Tower
14:49 Arcane Vault
17:36 Farm
17:37 Farm
17:37 Farm
19:15 Barracks
22:32 Farm
22:33 Farm
22:33 Farm
22:35 Farm
22:37 Farm
24:11 Keep
28:17 Castle
28:20 Gryphon Aviary
72:37 Watch Tower
72:43 Watch Tower
72:44 Watch Tower
73:16 Lumber Mill
73:22 Watch Tower
73:24 Watch Tower
73:27 Scout Tower
73:29 Scout Tower
73:30 Scout Tower
73:51 Watch Tower
73:54 Watch Tower
74:00 Watch Tower
74:21 Watch Tower
74:25 Scout Tower
74:26 Guard Tower
74:27 Guard Tower
74:39 Watch Tower
74:41 Watch Tower
74:49 Scout Tower
74:49 Scout Tower
74:55 Guard Tower
75:00 Watch Tower
75:23 Watch Tower
75:24 Watch Tower
75:35 Guard Tower
75:36 Guard Tower
75:39 Scout Tower
75:40 Scout Tower
75:41 Scout Tower
75:45 Scout Tower
75:46 Scout Tower
76:21 Guard Tower
76:21 Guard Tower
76:21 Guard Tower
76:45 Watch Tower
76:49 Guard Tower
76:50 Guard Tower
77:03 Watch Tower
77:04 Watch Tower
77:11 Watch Tower
77:36 Watch Tower
77:40 Watch Tower
77:41 Watch Tower
77:42 Watch Tower
77:44 Guard Tower
77:44 Guard Tower
79:31 Guard Tower
79:32 Guard Tower
» items
| Healing Salve | 4 | |
| Orb of Lightning | 1 | |
| Lesser Clarity Potion | 1 | |
| Staff of Teleportation | 1 | |
| Tiny Great Hall | 1 | |
| Staff of Sanctuary | 1 | |
9 total
SunriseEarth.de (
blue | 39 APM | 1746 actions | 44:46)
5 Warden
3 Shadow Strike
2 Blink
» actions
| Assign group hotkey | 23 | |
| Basic commands | 110 | |
| Build / train | 85 | |
| ESC pressed | 5 | |
| Enter build submenu | 19 | |
| Enter hero's abilities submenu | 6 | |
| Give item / drop item | 2 | |
| Remove unit from queue | 1 | |
| Right click | 746 | |
| Select / deselect | 247 | |
| Select group hotkey | 403 | |
| Use ability | 99 | |
1746 total
» units
| Wisp | 17 | |
| Faerie Dragon | 24 | |
| Druid of the Talon | 11 | |
| Druid of the Claw | 1 | |
| Chimaera | 1 | |
54 total
» upgrades
| Ultravision | 1 | |
| Strength of the Wild | 3 | |
| Reinforced Hides | 3 | |
| Well Spring | 1 | |
| Nature's Blessing | 1 | |
| Druid of the Talon Training | 2 | |
| Druid of the Claw Training | 2 | |
| Mark of the Talon | 1 | |
| Mark of the Claw | 1 | |
| Abolish Magic | 1 | |
| Hippogryph Taming | 1 | |
| Corrosive Breath | 1 | |
18 total
» buildings
| Altar of Elders | 2 | |
| Moon Well | 9 | |
| Hunter's Hall | 1 | |
| Tree of Ages | 1 | |
| Ancient of Wonders | 1 | |
| Ancient of Wind | 3 | |
| Tree of Eternity | 1 | |
| Ancient of Lore | 1 | |
| Chimaera Roost | 1 | |
20 total
» build order
00:12 Altar of Elders
00:17 Altar of Elders
00:19 Moon Well
01:13 Moon Well
02:33 Moon Well
03:29 Hunter's Hall
07:10 Tree of Ages
07:52 Ancient of Wonders
09:40 Ancient of Wind
09:41 Ancient of Wind
10:11 Tree of Eternity
12:12 Moon Well
12:13 Moon Well
12:16 Moon Well
12:20 Moon Well
15:34 Moon Well
15:37 Moon Well
24:48 Ancient of Lore
25:11 Ancient of Wind
28:33 Chimaera Roost
» items
| Staff of Teleportation | 1 | |
| Boots of Speed | 1 | |
| Orb of Venom | 1 | |
| Tiny Great Hall | 1 | |
4 total
team 2 (loser)
BDT[Agaric] (
orange | 23 APM | 1329 actions | 58:56)
1 Crypt Lord
1 Carrion Beetles
1 Pandaren Brewmaster
1 Breath of Fire
1 Goblin Tinker
1 Pocket Factory
» actions
| Basic commands | 7 | |
| Build / train | 69 | |
| Enter build submenu | 22 | |
| Enter hero's abilities submenu | 4 | |
| Remove unit from queue | 1 | |
| Right click | 670 | |
| Select / deselect | 493 | |
| Use ability | 62 | |
1329 total
» units
| Acolyte | 5 | |
| Ghoul | 3 | |
| Crypt Fiend | 11 | |
| Meatwagon | 8 | |
| Necromancer | 10 | |
| Frost Wyrm | 11 | |
| Gargoyle | 1 | |
49 total
» upgrades
| Web | 1 | |
| Necromancer Training | 2 | |
| Skeletal Longevity | 1 | |
| Skeletal Mastery | 1 | |
| Freezing Breath | 1 | |
6 total
» buildings
| Altar of Darkness | 1 | |
| Ziggurat | 10 | |
| Crypt | 1 | |
| Nerubian Tower | 5 | |
| Graveyard | 1 | |
| Tomb of Relics | 1 | |
| Halls of the Dead | 1 | |
| Temple of the Damned | 1 | |
| Slaughterhouse | 1 | |
| Black Citadel | 1 | |
| Sacrificial Pit | 1 | |
| Boneyard | 2 | |
26 total
» build order
00:09 Altar of Darkness
00:15 Ziggurat
00:54 Crypt
01:23 Nerubian Tower
01:32 Ziggurat
02:37 Graveyard
02:57 Tomb of Relics
03:10 Halls of the Dead
03:13 Nerubian Tower
03:50 Ziggurat
03:54 Ziggurat
05:04 Nerubian Tower
08:09 Ziggurat
08:26 Ziggurat
08:58 Temple of the Damned
09:14 Slaughterhouse
12:17 Black Citadel
12:50 Ziggurat
13:03 Ziggurat
13:13 Ziggurat
17:19 Ziggurat
22:17 Sacrificial Pit
23:06 Boneyard
23:10 Boneyard
38:03 Nerubian Tower
38:03 Nerubian Tower
Elfen_Lied.Nyuu (
pink | 46 APM | 3414 actions | 74:52)
5 Archmage
3 Summon Water Elemental
2 Brilliance Aura
1 Goblin Tinker
1 Cluster Rockets
» actions
| Assign group hotkey | 32 | |
| Basic commands | 405 | |
| Build / train | 137 | |
| Enter build submenu | 71 | |
| Enter hero's abilities submenu | 9 | |
| Give item / drop item | 2 | |
| Remove unit from queue | 3 | |
| Right click | 1170 | |
| Select / deselect | 1120 | |
| Select group hotkey | 335 | |
| Use ability | 127 | |
3414 total
» units
| Peasant | 9 | |
| Footman | 6 | |
| Rifleman | 8 | |
| Razormane Medicine Man | 1 | |
| Mortar Team | 14 | |
| Priest | 6 | |
| Flying Machine | 27 | |
71 total
» upgrades
| Gunpowder | 3 | |
| Armor | 2 | |
| Lumber Harvesting | 1 | |
| Long Rifles | 1 | |
| Priest Training | 1 | |
| Flare | 1 | |
| Flak Cannons | 1 | |
| Flying Machine Bombs | 1 | |
11 total
» buildings
| Altar of Kings | 2 | |
| Barracks | 2 | |
| Farm | 11 | |
| Lumber Mill | 1 | |
| Blacksmith | 1 | |
| Scout Tower | 43 | |
| Arcane Vault | 1 | |
| Keep | 1 | |
| Guard Tower | 38 | |
| Arcane Sanctum | 1 | |
| Workshop | 2 | |
| Town Hall | 1 | |
| Castle | 2 | |
106 total
» build order
00:08 Altar of Kings
00:15 Altar of Kings
00:17 Barracks
00:35 Farm
01:11 Farm
01:54 Lumber Mill
02:43 Farm
03:39 Barracks
03:45 Blacksmith
04:21 Scout Tower
04:59 Arcane Vault
05:06 Keep
05:14 Farm
05:40 Guard Tower
05:49 Scout Tower
06:19 Guard Tower
06:23 Farm
07:25 Farm
07:36 Arcane Sanctum
08:28 Workshop
09:45 Workshop
10:58 Farm
11:49 Farm
12:29 Farm
13:39 Farm
19:00 Scout Tower
20:14 Guard Tower
20:27 Scout Tower
21:18 Guard Tower
21:19 Scout Tower
21:21 Scout Tower
21:22 Scout Tower
21:25 Scout Tower
21:27 Scout Tower
21:57 Guard Tower
24:18 Town Hall
37:25 Scout Tower
37:55 Guard Tower
37:57 Scout Tower
37:59 Scout Tower
38:01 Scout Tower
38:36 Guard Tower
38:37 Guard Tower
38:39 Scout Tower
38:43 Scout Tower
38:45 Scout Tower
38:46 Scout Tower
39:26 Guard Tower
39:47 Castle
39:47 Castle
42:26 Scout Tower
42:30 Scout Tower
42:37 Scout Tower
42:40 Scout Tower
42:44 Scout Tower
42:47 Scout Tower
42:51 Scout Tower
42:56 Scout Tower
43:00 Guard Tower
43:08 Guard Tower
43:12 Guard Tower
43:16 Guard Tower
43:17 Guard Tower
43:21 Guard Tower
43:21 Guard Tower
43:25 Guard Tower
44:08 Scout Tower
44:13 Scout Tower
44:15 Scout Tower
44:20 Scout Tower
44:24 Scout Tower
44:33 Scout Tower
44:36 Guard Tower
44:42 Scout Tower
44:46 Guard Tower
44:54 Scout Tower
45:06 Guard Tower
45:09 Scout Tower
45:11 Scout Tower
45:18 Guard Tower
45:39 Guard Tower
47:25 Scout Tower
47:28 Scout Tower
47:32 Scout Tower
47:34 Scout Tower
47:38 Scout Tower
47:43 Scout Tower
47:45 Scout Tower
47:59 Guard Tower
48:04 Guard Tower
48:08 Scout Tower
48:10 Guard Tower
48:10 Guard Tower
48:12 Guard Tower
48:15 Guard Tower
48:38 Guard Tower
» items
kuff (
yellow | 15 APM | 1205 actions | 80:18)
6 Far Seer
3 Chain Lighting
2 Feral Spirit
1 Earth Quake
» actions
| Basic commands | 15 | |
| Build / train | 102 | |
| Enter build submenu | 33 | |
| Enter hero's abilities submenu | 7 | |
| Give item / drop item | 9 | |
| Remove unit from queue | 2 | |
| Right click | 434 | |
| Select / deselect | 527 | |
| Use ability | 76 | |
1205 total
» units
| Peon | 19 | |
| Grunt | 6 | |
| Troll Headhunter/Berserker | 2 | |
| Wind Rider | 33 | |
| Tauren | 21 | |
81 total
» upgrades
| Ranged Weapons | 3 | |
| Spiked Barricades | 2 | |
| Envenomed Spears | 1 | |
| Pulverize | 1 | |
| Melee Weapons | 2 | |
| Ensnare | 1 | |
10 total
» buildings
| Altar of Storms | 1 | |
| Orc Burrow | 15 | |
| Barracks | 1 | |
| Stronghold | 1 | |
| War Mill | 1 | |
| Beastiary | 2 | |
| Watch Tower | 5 | |
| Great Hall | 1 | |
| Fortress | 1 | |
| Tauren Totem | 1 | |
| Voodoo Lounge | 1 | |
| Spirit Lodge | 1 | |
31 total
» build order
00:27 Altar of Storms
00:43 Orc Burrow
01:49 Barracks
02:07 Stronghold
02:19 War Mill
02:57 Orc Burrow
04:30 Beastiary
06:05 Orc Burrow
07:07 Watch Tower
08:27 Great Hall
09:47 Fortress
09:51 Orc Burrow
10:55 Orc Burrow
12:26 Watch Tower
13:27 Beastiary
14:49 Watch Tower
16:31 Orc Burrow
16:35 Orc Burrow
18:38 Watch Tower
19:59 Watch Tower
22:25 Tauren Totem
22:55 Orc Burrow
39:15 Orc Burrow
39:17 Orc Burrow
39:21 Orc Burrow
39:51 Orc Burrow
40:22 Orc Burrow
41:28 Orc Burrow
42:24 Orc Burrow
45:46 Voodoo Lounge
47:57 Spirit Lodge
Chat log
(00:38 / Allies) SunriseEarth.de: how do you say to in germa
(00:39 / Allies) SunriseEarth.de: n
(00:40 / Allies) Mata.Esq: what races are they....
(00:46 / Allies) dogsandhorse.ru: forget
(00:47 / Allies) Mata.Esq: what knid fo to
(00:51 / Allies) dogsandhorse.ru: split tower?
(00:53 / Allies) SunriseEarth.de: to
(00:59 / Allies) SunriseEarth.de: like wilkommen to highperch
(01:00 / Allies) Mata.Esq: nach or am or something depending on what you mean by it
(01:07 / Allies) SunriseEarth.de: w/e
(01:08 / Allies) SunriseEarth.de: effort
(01:56 / Allies) dogsandhorse.ru: wood
(03:02 / Allies) dogsandhorse.ru: cl hahahhahaha
(03:07 / Allies) dogsandhorse.ru: worst cold tower
(03:28 / Allies) Mata.Esq: take it easy on em
(03:40 / Allies) dogsandhorse.ru: beetles first
(03:41 / Allies) dogsandhorse.ru: lmao
(05:09 / Allies) Mata.Esq: some re source
(05:14 / Allies) dogsandhorse.ru: timg afk
(06:15 / Allies) Mata.Esq: expand
(07:16 / All) dogsandhorse.ru: ty
(07:22 / All) Elfen_Lied.Nyuu: Np
(08:05 / Allies) dogsandhorse.ru: here we go
(08:48 / Allies) dogsandhorse.ru: woode
(10:51 / Allies) dogsandhorse.ru: claws
(10:52 / Allies) dogsandhorse.ru: thanks
(10:58 / Allies) SunriseEarth.de: nope i need 2
(11:25 / Allies) Mata.Esq: i'm bringin some tanks to the perch
(11:27 / Allies) dogsandhorse.ru: wood
(12:03 / Allies) SunriseEarth.de: lets not tower perch until they find it
(12:13 / Allies) dogsandhorse.ru: huh
(12:15 / Allies) Mata.Esq: or at all
(12:16 / Allies) Mata.Esq: idc
(12:18 / Allies) dogsandhorse.ru: panda 2nd
(13:21 / Allies) dogsandhorse.ru: mata sentry?
(13:30 / Allies) Mata.Esq: tay
(13:31 / Allies) Mata.Esq: creepin it
(14:06 / Allies) Mata.Esq: x out what they up to
(14:10 / Allies) dogsandhorse.ru: so
(14:10 / Allies) dogsandhorse.ru: far
(14:11 / Allies) dogsandhorse.ru: out
(14:29 / Allies) SunriseEarth.de: damn faerie dragons suck
(14:46 / Allies) dogsandhorse.ru: wow
(14:55 / Allies) dogsandhorse.ru: wood
(18:47 / Allies) dogsandhorse.ru: i miss games like this
(18:49 / Allies) dogsandhorse.ru: nonstop antisiege
(19:06 / Allies) dogsandhorse.ru: wooden logs
(19:15 / Allies) SunriseEarth.de: wooden dicks
(19:25 / Allies) dogsandhorse.ru: ty
(19:36 / Allies) Mata.Esq: aaaaa
(19:47 / Allies) Mata.Esq: counter tower, mgiht be a sweet game yet
(20:01 / Allies) Mata.Esq: counter tower and mancer
(20:39 / Allies) Mata.Esq: that's what bear does
(20:46 / Allies) Mata.Esq: a bladestorm like that would make me quit tbp
(21:20 / Allies) Mata.Esq: prep the p maybe
(21:31 / Allies) Mata.Esq: i can build a castle up top
(21:32 / Allies) Mata.Esq: if we want
(21:43 / Allies) Mata.Esq: should do this next game
(21:44 / Allies) Mata.Esq: all tech
(21:46 / Allies) Mata.Esq: goes on the perch
(21:52 / Allies) Mata.Esq: so we can lose bases mad early
(22:23 / Allies) dogsandhorse.ru: lmao
(22:25 / All) dogsandhorse.ru: ?......
(22:45 / Allies) Mata.Esq: noob timg i thought i was building main on top
(22:52 / Allies) Mata.Esq: staff?
(23:49 / All) kuff: red sale pij va
(23:54 / All) dogsandhorse.ru: ?????????
(24:02 / All) kuff: héros de pijama
(26:17 / Allies) Mata.Esq: anu'falah
(26:19 / Allies) Mata.Esq: is what he says
(26:37 / Allies) dogsandhorse.ru: lmao
(27:27 / Allies) dogsandhorse.ru: they think they got it
(27:28 / Allies) dogsandhorse.ru: we good
(29:13 / Allies) Mata.Esq: heading up now
(30:41 / Allies) dogsandhorse.ru: 8hp
(31:10 / Allies) Mata.Esq: let em have
(33:45 / Allies) Mata.Esq: they're osing wyrms and shit
(33:46 / Allies) Mata.Esq: to this :(
(33:52 / All) dogsandhorse.ru: hahahahah
(33:54 / All) dogsandhorse.ru: fuck u all
(33:59 / All) BDT[Agaric]: ya
(34:01 / All) BDT[Agaric]: fuck me
(34:03 / All) kuff: noob
(34:05 / All) BDT[Agaric]: and suck my big dick
(34:13 / All) dogsandhorse.ru: 2 cm
(34:22 / All) kuff: kevinz va
(35:48 / All) dogsandhorse.ru: DAMN IT
(35:55 / All) Elfen_Lied.Nyuu: leave plz
(35:57 / All) Elfen_Lied.Nyuu: -.-
(35:59 / All) dogsandhorse.ru: no.
(36:00 / All) SunriseEarth.de: never
(36:04 / All) Elfen_Lied.Nyuu: np :)
(36:05 / All) SunriseEarth.de: not till u beat me muahaa
(36:06 / All) Elfen_Lied.Nyuu: U loose
(36:08 / All) Elfen_Lied.Nyuu: bye bye ;)))
(36:13 / All) SunriseEarth.de: no i always win
(36:14 / All) dogsandhorse.ru: |shit
(36:15 / All) dogsandhorse.ru: damn
(36:17 / All) SunriseEarth.de: i hack @ u
(36:22 / All) Elfen_Lied.Nyuu: noo
(36:24 / All) Elfen_Lied.Nyuu: dont hack me
(36:27 / All) Elfen_Lied.Nyuu: -.-
(36:29 / All) SunriseEarth.de: from
(36:30 / All) SunriseEarth.de: ?
(36:33 / All) kuff: fr
(36:35 / All) Elfen_Lied.Nyuu: from ta mere
(36:35 / All) Elfen_Lied.Nyuu: =)
(36:40 / All) SunriseEarth.de: nice
(36:47 / Allies) Mata.Esq: phoenix has resistant skin and magicimmunity
(36:51 / Allies) Mata.Esq: that makes it very magic immune
(37:14 / Allies) dogsandhorse.ru: wtf
(37:22 / Allies) Mata.Esq: yeah looked like it
(37:29 / Allies) Mata.Esq: i almost got one
(37:59 / Allies) Mata.Esq: hehe oh yeah
(38:02 / Allies) Mata.Esq: i have tier 3 single hero
(38:06 / Allies) Mata.Esq: so i get like 20 exp
(38:11 / Allies) Mata.Esq: from each burrow
(38:24 / Allies) Mata.Esq: run away
(38:50 / Allies) Mata.Esq: he just researched spikes
(38:56 / Allies) Mata.Esq: dang
(39:08 / Allies) Mata.Esq: tru
(39:18 / Allies) Mata.Esq: they have a sweet glow
(39:20 / Allies) Mata.Esq: very healthy
(39:44 / Allies) Mata.Esq: phoenixes look very sweet
(39:50 / Allies) Mata.Esq: teal ones are very psychedelic too
(40:12 / Allies) Mata.Esq: looks like a spaceship
(40:15 / Allies) Mata.Esq: with teal windows
(40:27 / Allies) Mata.Esq: w/e
(40:37 / Allies) Mata.Esq: if i change ally colors it turns blue
(41:25 / All) Elfen_Lied.Nyuu: afk
(41:28 / All) Elfen_Lied.Nyuu: 1jour
(41:32 / All) Elfen_Lied.Nyuu: 1hour
(41:33 / Allies) Mata.Esq: any whats
(41:40 / Allies) SunriseEarth.de: mech
(41:41 / Allies) SunriseEarth.de: crit
(41:41 / Allies) SunriseEarth.de: t
(41:43 / Allies) SunriseEarth.de: er
(41:44 / Allies) Mata.Esq: i didnt
(41:53 / Allies) Mata.Esq: crazy
(42:17 / Allies) Mata.Esq: you staff to the phoneix
(42:23 / Allies) Mata.Esq: you can't move the firebird
(42:27 / Allies) Mata.Esq: until staff is done
(43:01 / Allies) Mata.Esq: it's got little glowing shit coming out of it's back
(43:04 / Allies) Mata.Esq: look at that
(44:46 / All) Elfen_Lied.Nyuu: noob
(44:54 / All) Mata.Esq: nice hack
(45:02 / All) Elfen_Lied.Nyuu: lol
(45:03 / All) Elfen_Lied.Nyuu: noob
(47:14 / All) kuff: leave noob
(47:22 / All) Mata.Esq: na
(47:31 / All) kuff: tsss
(47:32 / All) Mata.Esq: your disc hack no work on me
(47:32 / All) kuff: noobie
(47:35 / All) Mata.Esq: i wont drop sorry
(47:48 / All) Mata.Esq: i'm going to take a shower back in 30....
(47:55 / All) Elfen_Lied.Nyuu: Ok np
(47:56 / All) Elfen_Lied.Nyuu: i wait
(55:02 / All) kuff: bon leave
(55:04 / All) kuff: aller
(58:07 / All) Mata.Esq: yo really sorry but i gotta run to the store
(58:09 / All) Mata.Esq: back in 1-2 hours
(58:12 / All) Mata.Esq: cya then
(58:19 / All) kuff: leave plz
(58:28 / All) kuff: you have been defeast
(58:31 / All) kuff: leave
(58:34 / All) Mata.Esq: ?
(61:15 / All) Mata.Esq: didnt leave yet
(61:19 / All) Mata.Esq: be patient please
(61:25 / All) Elfen_Lied.Nyuu: be nique ta mere
(61:28 / All) kuff: fuck you noob
(61:34 / All) Elfen_Lied.Nyuu: meme si je dois rester la 10h00 je vais rester boulet
(61:37 / All) Elfen_Lied.Nyuu: Tu vas pas gagner avec sa
(61:39 / All) Elfen_Lied.Nyuu: donc leave
(71:25 / All) kuff: BON LEAVEESSSSS NOOOOB
(71:46 / All) Mata.Esq: whuy should i
(71:56 / All) kuff: TA PERDU GROS FILS DE PUTE
(71:59 / All) Elfen_Lied.Nyuu: u loose
(71:59 / All) kuff: ALORS BARRE TOI
(72:00 / All) Elfen_Lied.Nyuu: :/
(72:04 / All) Mata.Esq: no i win
(72:05 / All) Mata.Esq: you lost
(72:05 / All) kuff: SINON JE TE SIGNAL AU MJ
(72:08 / All) Elfen_Lied.Nyuu: lol
(72:13 / All) kuff: C KLR ?
(72:15 / All) Elfen_Lied.Nyuu: i wait 5hour
(72:16 / All) Elfen_Lied.Nyuu: np for me
(72:17 / All) Elfen_Lied.Nyuu: ^^
(72:22 / All) Mata.Esq: then why are you crying
(72:24 / All) Mata.Esq: about me leaving?
(72:31 / All) kuff: je vais te signaler au MJ tu va moin faire le malin
(72:46 / All) kuff: no fair play
(72:49 / All) kuff: rosbif de merde
(73:03 / All) Mata.Esq: i build towers
(73:07 / All) Mata.Esq: cause you guys complaining so much
(73:10 / All) Mata.Esq: now i building towers up here
(73:18 / All) kuff: fuck
(73:26 / All) kuff: you dont fair play
(73:31 / All) kuff: i signale you
(73:36 / All) Mata.Esq: i dont disconnect hack yes
(73:37 / All) kuff: au MJ
(74:06 / All) Elfen_Lied.Nyuu: admin ban you
(74:13 / All) Mata.Esq: do you like le tower?
(74:27 / All) kuff: sale rosbif
(74:28 / All) Elfen_Lied.Nyuu: tes pas trop fr toi
(74:28 / All) Elfen_Lied.Nyuu: nan
(74:32 / All) Elfen_Lied.Nyuu: boulet
(74:33 / All) Elfen_Lied.Nyuu: "le tower"
(74:33 / All) kuff: suce ma grosse bite
(74:36 / All) Elfen_Lied.Nyuu: pauvre gay
(74:37 / All) kuff: et foure la toi ds le cul
(74:52 / All) kuff: gros fils de pute
(76:10 / All) Mata.Esq: you lose le game
(76:23 / All) kuff: pfff
(76:28 / All) kuff: you no fair play
(76:31 / All) kuff: bye
(76:34 / All) Mata.Esq: bye
(76:46 / All) kuff: eh ban NAAAAAAAAAAAAAAN
(76:48 / All) kuff: haha
(76:54 / All) kuff: nique ta grosse mere
(76:57 / All) kuff: je la prend
(77:15 / All) Mata.Esq: bye going to store for real now
(77:19 / All) Mata.Esq: gl killing my tower noobs noob
(77:35 / All) kuff: fuuuuuucccccckkkk youuuuuuuuuuuuuuuuuuuuuuuuuuu
(77:38 / All) kuff: noooooooooooooooooooooooooooob
(77:40 / All) kuff: 12 ans
(77:44 / All) kuff: you 12ans
(77:46 / All) kuff: et encore